 Dungeon Crawl Stone Soup version 0.17-a0-1399-gd5b76e1 (webtiles) character file.

61 downad the Skirmisher (level 3, -2/27 HPs)
             Began as a High Elf Fighter on June 19, 2015.
             Was an Initiate of Gozag.
             Slain by an adder (3 damage)
             ... on level 2 of the Dungeon.
             The game lasted 00:18:18 (1089 turns).

downad the Skirmisher (High Elf Fighter)            Turns: 1089, Time: 00:18:18

Health: -2/27      AC:  8    Str: 16    XL:     3   Next: 83%
Magic:  4/4        EV:  7    Int: 15    God:    Gozag
Gold:   146        SH:  9    Dex: 14    Spells: 0 memorised, 2 levels left

rFire  x . .     SeeInvis .     z - +0 flail
rCold  + . .     Clarity  .     b - +0 scale mail
rNeg   . . .     SustAt   .     c - +0 shield
rPois  .         Gourm    .     (no helmet)
rElec  .         Spirit   .     G - +0 cloak
rCorr  .         Warding  .     (no gloves)
rMut   .         Stasis   .     (no boots)
MR     .....                    (no amulet)
Stlth  ..........               K - +3 ring of intelligence
                                s - ring of ice

@: lethally poisoned (-2 -> -7), not resistant to hostile enchantments,
extremely unstealthy
A: no striking features
a: Potion Petition, Call Merchant, Bribe Branch, Renounce Religion


You were on level 2 of the Dungeon.
You worshipped Gozag.
Gozag was noncommittal.
You were not hungry.

You visited 1 branch of the dungeon, and saw 2 of its levels.

You collected 146 gold pieces.

Inventory:

Hand weapons
 f - a +0 short sword
 p - a +0 whip
 q - a +0 dagger
 t - a +0 spear
 y - a +0 dagger
 z - a +0 flail (weapon)
 C - a +0 club
 D - a +0 club
 E - a +0 club
 F - a +0 club
 I - a +0 club
 J - a +0 short sword
Missiles
 j - 66 stones (quivered)
 A - 26 arrows
Armour
 b - a +0 scale mail (worn)
 c - a +0 shield (worn)
 g - a +0 leather armour
 h - a +0 ring mail
 m - a +0 leather armour
 n - a +0 ring mail
 G - a +0 cloak (worn)
Jewellery
 s - a ring of ice (left hand)
 K - a +3 ring of intelligence (right hand)
Scrolls
 r - a scroll of immolation {unknown}
 w - 2 scrolls of enchant weapon
 B - a scroll of remove curse {unknown}
 H - 2 scrolls of identify
Potions
 d - a potion of might
 i - a potion of agility {unknown}
 u - 2 potions of brilliance {unknown}
 x - 2 potions of heal wounds {unknown}
 L - a potion of lignification {unknown}
 M - 2 potions of curing {unknown}
Comestibles
 a - a slice of pizza
 e - a bread ration


   Skills:
 + Level 3.7 Fighting
 + Level 1.8 Maces & Flails
 + Level 3.2 Armour
 + Level 0.9 Dodging
 + Level 0.2 Stealth
 + Level 3.0 Shields


You had 2 spell levels left.
You didn't know any spells.

Dungeon Overview and Level Annotations

Branches:
Dungeon (2/15)

Altars:
Gozag


Message History

The adder is severely wounded.
You feel sick. The adder bites you.
* * * LOW HITPOINT WARNING * * *
The adder barely misses you.
You barely miss the adder.
The adder is severely wounded.
* * * LOW HITPOINT WARNING * * *
You feel sick. The adder bites you.
* * * LOW HITPOINT WARNING * * *
The adder bites you but does no damage.
You hit the adder.
The adder is almost dead.
* * * LOW HITPOINT WARNING * * *
You feel sick. The adder bites you but does no damage.
You closely miss the adder.
The adder is almost dead.
* * * LOW HITPOINT WARNING * * *
You feel sick. The adder bites you.
You die...
Your body crumbles into a pile of gold.

######## #......#
#.##########.####.#
#...S@.........##.###
#....#########.#......#
..... #.####.#.# ##.#
#.####.#.# ..
#......#.## #
#####......
##########...#.##
#.......#.###..#
#.......#.# #..#


You could see an adder.

Vanquished Creatures
  An adder (D:2)
  An ooze (D:1)
  8 goblins
  10 hobgoblins
  A quokka (D:2)
  7 bats
  2 giant cockroaches
  4 giant geckos (D:1)
  A giant newt (D:2)
  6 kobolds
  A rat (D:1)
42 creatures vanquished.

Notes
Turn   | Place    | Note
--------------------------------------------------------------
     0 | D:1      | downad the High Elf Fighter began the quest for the Orb.
     0 | D:1      | Reached XP level 1. HP: 16/16 MP: 2/2
   209 | D:1      | Reached XP level 2. HP: 18/21 MP: 3/3
   429 | D:1      | Reached XP level 3. HP: 21/26 MP: 4/4
   955 | D:2      | Found a faded altar to an unknown god.
   968 | D:2      | Became a worshipper of Gozag Ym Sagoz the Greedy
  1089 | D:2      | HP: 1/27 [poisoned by an adder]
  1089 | D:2      | Slain by an adder

Vault maps used:
D:1:      elethiomel_arrival_maze
D:2:      led_sif_pool, ecumenical_altar_1

Action                   || total
-------------------------++-------
Melee: Flail             ||   184
  Use: Scroll            ||     2
  Eat: Beef jerky        ||     1
